% Time on Ice - SACRAMENTO BANDITS
Lines # - Real PCT - Wanted PCT - Time Play
Normal Forward
1 - 35% - 36% - 17:11
2 - 32% - 31% - 15:59
3 - 19% - 23% - 9:10
4 - 14% - 10% - 7:00
Normal Defense
1 - 34% - 36% - 16:55
2 - 34% - 31% - 16:45
3 - 25% - 23% - 12:30
4 - 6% - 10% - 3:10
PP Forward
1 - 62% - 55% - 2:55
2 - 38% - 45% - 1:47
PP Defense
1 - 62% - 55% - 2:55
2 - 38% - 45% - 1:47
PK Forward
1 - 48% - 55% - 2:53
2 - 52% - 45% - 3:05
PK Defense
1 - 46% - 55% - 2:44
2 - 54% - 45% - 3:14
PK3 Forward
1 - 0% - 55%
2 - 0% - 45%
PK3 Defense
1 - 0% - 55%
2 - 0% - 45%
44 Forward
1 - 0% - 55%
2 - 0% - 45%
44 Defense
1 - 0% - 55%
2 - 0% - 45%
Last Minute Offensive  - 0:00
Last Minute Defensive  - 0:00
Total
Forward - 60:00
Defense - 60:00
% Time on Ice - BANFF WOLVES
Lines # - Real PCT - Wanted PCT - Time Play
Normal Forward
1 - 33% - 36% - 16:09
2 - 30% - 31% - 14:55
3 - 22% - 23% - 10:40
4 - 15% - 10% - 7:36
Normal Defense
1 - 27% - 36% - 13:26
2 - 31% - 31% - 15:04
3 - 32% - 23% - 15:34
4 - 11% - 10% - 5:16
PP Forward
1 - 46% - 55% - 2:45
2 - 54% - 45% - 3:13
PP Defense
1 - 56% - 65% - 3:20
2 - 44% - 35% - 2:38
PK Forward
1 - 72% - 55% - 3:22
2 - 28% - 45% - 1:20
PK Defense
1 - 76% - 55% - 3:33
2 - 24% - 45% - 1:09
PK3 Forward
1 - 0% - 55%
2 - 0% - 45%
PK3 Defense
1 - 0% - 55%
2 - 0% - 45%
44 Forward
1 - 0% - 55%
2 - 0% - 45%
44 Defense
1 - 0% - 65%
2 - 0% - 35%
Last Minute Offensive  - 0:00
Last Minute Defensive  - 0:00
Total
Forward - 60:00
Defense - 60:00
Play-by-Play 1st period 0:01 of 1st period - Aleksander Barkov wins face-off versus Jack Eichel in neutral zone. 0:11 of 1st period - Shot by Jack Eichel. 0:11 of 1st period - Shot Misses the Net. 0:21 of 1st period - Shot by Jack Eichel. 0:21 of 1st period - Stopped by Andrei Vasilevskiy without a rebound. 0:22 of 1st period - Jamie Benn wins face-off versus James van Riemsdyk in SACRAMENTO BANDITS zone. 0:51 of 1st period - Shot by Mikael Backlund. 0:51 of 1st period - Shot Misses the Net. 1:01 of 1st period - Shot by Mattias Ekholm. 1:01 of 1st period - Stopped by Ilya Samsonov without a rebound. 1:02 of 1st period - Matt Duchene wins face-off versus Jeff Carter in BANFF WOLVES zone. 1:18 of 1st period - Minor Penalty to Kevin Connauton for Hooking. 1:19 of 1st period - Aleksander Barkov wins face-off versus Jack Eichel in BANFF WOLVES zone. 1:32 of 1st period - Shot by Aleksander Barkov. 1:32 of 1st period - Shot Misses the Net. 1:34 of 1st period - Shot by John Carlson. 1:34 of 1st period - Goal by John Carlson - SACRAMENTO BANDITS : 1 - BANFF WOLVES : 0. 1:35 of 1st period - Antti Suomela wins face-off versus Jay Beagle in neutral zone. 1:35 of 1st period - Mark Jankowski is hit by Colton Sissons and loses puck. 1:58 of 1st period - Mark Jankowski is hit by Jay Beagle and loses puck. 2:22 of 1st period - Icing by Mark Jankowski. 2:23 of 1st period - Antti Suomela wins face-off versus Brock Boeser in BANFF WOLVES zone. 2:52 of 1st period - Shot by Jonathan Huberdeau. 2:52 of 1st period - Deflect By Brock Boeser. 2:52 of 1st period - Stopped by Ilya Samsonov without a rebound. 2:53 of 1st period - Matt Duchene wins face-off versus Jeff Carter in BANFF WOLVES zone. 3:08 of 1st period - Shot by Alexander DeBrincat. 3:08 of 1st period - Goal by Alexander DeBrincat - SACRAMENTO BANDITS : 2 - BANFF WOLVES : 0. 3:09 of 1st period - Jack Eichel wins face-off versus Jake DeBrusk in neutral zone. 3:24 of 1st period - Shot by Alex Tuch. 3:24 of 1st period - Stopped by Andrei Vasilevskiy without a rebound. 3:25 of 1st period - Aleksander Barkov wins face-off versus Mikael Backlund in SACRAMENTO BANDITS zone. 3:32 of 1st period - Shot by Jonathan Huberdeau. 3:32 of 1st period - Shot Blocked by Mikhail Sergachev. 3:38 of 1st period - Shot by Brock Boeser. 3:38 of 1st period - Shot Misses the Net. 3:40 of 1st period - Shot by Jonathan Huberdeau. 3:40 of 1st period - Stopped by Ilya Samsonov without a rebound. 3:41 of 1st period - Jack Eichel wins face-off versus Matt Duchene in BANFF WOLVES zone. 3:52 of 1st period - Shot by Matt Duchene. 3:52 of 1st period - Shot Misses the Net. 4:41 of 1st period - Off-side. 4:42 of 1st period - Aleksander Barkov wins face-off versus Jeff Carter in neutral zone. 5:09 of 1st period - Shot by Jonathan Huberdeau. 5:09 of 1st period - Goal by Jonathan Huberdeau - SACRAMENTO BANDITS : 3 - BANFF WOLVES : 0. 5:10 of 1st period - Mikael Backlund wins face-off versus Jamie Benn in neutral zone. 5:13 of 1st period - Shot by Kevin Labanc. 5:13 of 1st period - Stopped by Andrei Vasilevskiy without a rebound. 5:14 of 1st period - Mikael Backlund wins face-off versus Jamie Benn in SACRAMENTO BANDITS zone. 5:33 of 1st period - John Carlson is hit by Kevin Labanc and loses puck. 5:59 of 1st period - Icing by Mikael Backlund. 6:00 of 1st period - Aleksander Barkov wins face-off versus Mikael Backlund in BANFF WOLVES zone. 6:04 of 1st period - Jonathan Huberdeau is hit by Josh Teves and loses puck. 6:27 of 1st period - Jonathan Huberdeau is hit by Jamie Oleksiak and loses puck. 6:40 of 1st period - Shot by Jonathan Huberdeau. 6:40 of 1st period - Goal by Jonathan Huberdeau - SACRAMENTO BANDITS : 4 - BANFF WOLVES : 0. 6:40 of 1st period - Pavel Francouz enters game. 6:41 of 1st period - Joel Farabee wins face-off versus Jack Eichel in neutral zone. 7:10 of 1st period - Shot by Matt Duchene. 7:10 of 1st period - Shot Misses the Net. 7:28 of 1st period - Shot by Alexander DeBrincat. 7:28 of 1st period - Stopped by Pavel Francouz without a rebound. 7:29 of 1st period - Jamie Benn wins face-off versus Mikael Backlund in BANFF WOLVES zone. 7:39 of 1st period - Jamie Benn is hit by Jamie Oleksiak and loses puck. 8:13 of 1st period - Shot by Jamie Benn. 8:13 of 1st period - Stopped by Pavel Francouz without a rebound. 8:14 of 1st period - Jeff Carter wins face-off versus Aleksander Barkov in BANFF WOLVES zone. 8:14 of 1st period - Jeff Carter is hit by Aleksander Barkov. 8:32 of 1st period - Shot by Brock Boeser. 8:32 of 1st period - Stopped by Pavel Francouz without a rebound. 8:33 of 1st period - Jack Eichel wins face-off versus Jay Beagle in BANFF WOLVES zone. 8:53 of 1st period - Shot by Nikita Gusev. 8:53 of 1st period - Stopped by Andrei Vasilevskiy without a rebound. 8:54 of 1st period - Aleksander Barkov wins face-off versus Jeff Carter in SACRAMENTO BANDITS zone. 9:08 of 1st period - Shot by Aleksander Barkov. 9:08 of 1st period - Stopped by Pavel Francouz without a rebound. 9:09 of 1st period - Jack Eichel wins face-off versus Jamie Benn in BANFF WOLVES zone. 9:19 of 1st period - Jake DeBrusk is hit by Miro Heiskanen and loses puck. 9:51 of 1st period - Scott Laughton is hit by Jamie Oleksiak and loses puck. 11:45 of 1st period - Alexander DeBrincat is hit by Jeff Carter and loses puck. 12:22 of 1st period - Shot by Scott Laughton. 12:22 of 1st period - Stopped by Pavel Francouz without a rebound. 12:23 of 1st period - Aleksander Barkov wins face-off versus Jack Eichel in BANFF WOLVES zone. 12:23 of 1st period - Minor Penalty to Jamie Oleksiak for Hooking. 12:24 of 1st period - Jack Eichel wins face-off versus Aleksander Barkov in BANFF WOLVES zone. 12:51 of 1st period - Shot by Jonathan Huberdeau. 12:51 of 1st period - Goal by Jonathan Huberdeau - SACRAMENTO BANDITS : 5 - BANFF WOLVES : 0. 12:52 of 1st period - Jamie Benn wins face-off versus Antti Suomela in neutral zone. 12:54 of 1st period - Scott Laughton is hit by Jamie Oleksiak and loses puck. 13:12 of 1st period - Shot by Jamie Benn. 13:12 of 1st period - Stopped by Pavel Francouz with a rebound. 13:14 of 1st period - Shot by P.K. Subban. 13:14 of 1st period - Stopped by Pavel Francouz without a rebound. 13:15 of 1st period - Jack Eichel wins face-off versus Aleksander Barkov in BANFF WOLVES zone. 13:32 of 1st period - Shot by Jack Eichel. 13:32 of 1st period - Stopped by Andrei Vasilevskiy without a rebound. 13:33 of 1st period - Roope Hintz wins face-off versus Jay Beagle in SACRAMENTO BANDITS zone. 14:18 of 1st period - Icing by Ivan Provorov. 14:19 of 1st period - Jack Eichel wins face-off versus Jay Beagle in SACRAMENTO BANDITS zone. 15:04 of 1st period - Shot by Jonathan Huberdeau. 15:04 of 1st period - Shot Misses the Net. 15:22 of 1st period - Shot by Brock Boeser. 15:22 of 1st period - Stopped by Pavel Francouz with a rebound. 16:15 of 1st period - Icing by Scott Laughton. 16:16 of 1st period - Mike Ferland wins face-off versus Jamie Benn in SACRAMENTO BANDITS zone. 17:08 of 1st period - Shot by Alexander DeBrincat. 17:08 of 1st period - Shot Blocked by Mark Jankowski. 17:10 of 1st period - Shot by Mattias Ekholm. 17:10 of 1st period - Goal by Mattias Ekholm - SACRAMENTO BANDITS : 6 - BANFF WOLVES : 0. 17:11 of 1st period - Jeff Carter wins face-off versus Brock Boeser in neutral zone. 17:28 of 1st period - Jeff Carter is hit by Jonathan Huberdeau and loses puck. 17:45 of 1st period - Shot by Ryan Suter. 17:45 of 1st period - Shot Misses the Net. 17:47 of 1st period - Shot by Jonathan Huberdeau. 17:47 of 1st period - Stopped by Pavel Francouz without a rebound. 17:48 of 1st period - Jamie Benn wins face-off versus Jack Eichel in BANFF WOLVES zone. 18:22 of 1st period - Shot by Jack Eichel. 18:22 of 1st period - Goal by Jack Eichel - SACRAMENTO BANDITS : 6 - BANFF WOLVES : 1. 18:23 of 1st period - Mikael Backlund wins face-off versus Aleksander Barkov in neutral zone. 18:36 of 1st period - Shot by James van Riemsdyk. 18:36 of 1st period - Shot Blocked by Jonathan Huberdeau. 18:44 of 1st period - Shot by Mikael Backlund. 18:44 of 1st period - Stopped by Andrei Vasilevskiy without a rebound. 18:45 of 1st period - Jeff Carter wins face-off versus Matt Duchene in SACRAMENTO BANDITS zone. 18:50 of 1st period - Shot by Roope Hintz. 18:50 of 1st period - Shot Misses the Net. 18:53 of 1st period - Icing by Mattias Ekholm. 18:54 of 1st period - Mikael Backlund wins face-off versus Matt Duchene in SACRAMENTO BANDITS zone. 19:41 of 1st period - Shot by Alexander DeBrincat. 19:41 of 1st period - Shot Misses the Net. Goals for this period are 6 for SACRAMENTO BANDITS vs 1 for BANFF WOLVES. Shots for this period are 18 for SACRAMENTO BANDITS vs 7 for BANFF WOLVES. 2nd period 0:01 of 2nd period - Aleksander Barkov wins face-off versus Jack Eichel in neutral zone. 0:18 of 2nd period - Shot by Aleksander Barkov. 0:18 of 2nd period - Shot Misses the Net. 0:21 of 2nd period - Icing by Miro Heiskanen. 0:22 of 2nd period - Jack Eichel wins face-off versus Jamie Benn in BANFF WOLVES zone. 0:43 of 2nd period - Shot by Jack Eichel. 0:43 of 2nd period - Deflect By Alex Tuch. 0:43 of 2nd period - Stopped by Andrei Vasilevskiy with a rebound. 1:09 of 2nd period - Shot by Jeff Carter. 1:09 of 2nd period - Shot Misses the Net.